Description

This is Lambo's Standard Zvz build with a bit more actions put in to help me and so that I can get the SALT encoding, hope it helps.

VOD

https://www.youtube.com/watch?v=73RNbJdgCMc&

Build Order

Get SALT Encoding   

  13  0:12  Overlord  Rally Opponents Expo Ramp
  16  0:51  Hatchery  
  18  1:10  Extractor  
  17  1:15  Spawning Pool  
  21  2:02  Overlord  At Main Rally to outside your Expo
  21  2:07  Queen x2, Drone  At Expo
  26  2:13  Action, Metabolic Boost  100 Gas remove 2 from gas
  27  2:20  Drone  At Main Rally to Gas
  28  2:21  Drone  At Natural Rally to 3rd
  29  2:30  Zergling x4  Use to Scout
  31  2:41  Hatchery  At 3rd
  30  2:50  Action  After inject use queen to push Overlord back
  30  2:52  Baneling Nest  At Expo
  33  2:56  Overlord  
  33  3:16  Zergling x8  
  36  3:20  Queen  In main
  39  3:36  Baneling x2  
  42  3:40  Overlord  Rally to outside your 3rd
  44  3:42  Action  Move Queen in main after second Inject
  44  3:43  Evolution Chamber  at Expo
  47  3:52  Overlord  Rally to other side
  53  4:05  Extractor x2  
  53  4:13  Zerg Missile Weapons Level 1  second 100 gas
  63  4:37  Lair  100 gas
  64  4:44  Roach Warren  
  66  5:00  Adrenal Overload  100 Gas
  74  5:20  Action  50 Drones take 2 gas
  96  7:20  Action  60 Drone take 4th and second Evo
  120  8:00  Action  Mass Roaches and look for concave
Spawning Tool Build Advisor. Get it on Overwolf

Analysis

This is for the standard mid game Roach v Roach build-up

Go to:

Details

  • Created by: hunter      
  • Published on: Apr 09, 2019
  • Modified on: Apr 22, 2019
  • Patch: 4.7.1
Show
View Real Time Build Order
Export as new Build Order

Comments (4)

On June 15, 2019, 9:28 p.m., haine92  said:

I've played more than 300 games with this build (perfectly followed) and I still die vs mass zerglings (regular hatch first). I don't know how you deal with it but I think i'm gonna do the baneling nest first before the third hatch. The timing is really close.

On April 13, 2019, 8:56 a.m., Lukebomber  said:

Can't delete comments I feel like a dick now

On April 13, 2019, 8:53 a.m., Lukebomber  said:

Copying my notes that is

On April 13, 2019, 8:49 a.m., Lukebomber  said:

You should link to the video itself and write notes for what he said like I did here: https://lotv.spawningtool.com/build/92551/ Its a free website dont feel shame in copying (though I was here first)

Create an account to comment!